 Dungeon Crawl Stone Soup version 0.17.0-9-g801d43b (console) character file.

353 gw the Ducker (level 6, 0/30 HPs)
             Began as a Felid Berserker on Nov 9, 2015.
             Was a Priest of Trog.
             Succumbed to a worker ant's poison
             ... on level 5 of the Dungeon.
             The game lasted 00:04:42 (6278 turns).

gw the Ducker (Felid Berserker)                     Turns: 6278, Time: 00:04:42

Health: 0/30       AC:  2    Str: 13    XL:     6   Next: 35%
Magic:  7/7        EV: 23    Int:  9    God:    Trog [***...]
Gold:   205        SH:  0    Dex: 17    Spells: 0 memorised, 5 levels left
                                        Lives:  0   Deaths: 2

rFire  . . .     SeeInvis +       - Unarmed
rCold  . . .     Clarity  .     (armour unavailable)
rNeg   . . .     SustAt   .     (shield unavailable)
rPois  .         Gourm    .     (helmet unavailable)
rElec  .         Spirit   .     (cloak unavailable)
rCorr  .         Warding  .     (gloves unavailable)
rMut   .         Stasis   .     (boots unavailable)
MR     .....                    (no amulet)
Stlth  ++........               (no ring)
                                (no ring)

@: lethally poisoned (0 -> -1), exhausted, slowed, slow, not resistant to
hostile enchantments, unstealthy
A: no armour, no weapons or thrown items, claws 1, fangs 3, see invisible,
carnivore 3, speed 1, shaggy fur 2, slow metabolism 1, sharp paws
a: Berserk, Trog's Hand, Burn Spellbooks, Renounce Religion


You were on level 5 of the Dungeon.
You worshipped Trog.
Trog was most pleased with you.
You were not hungry.

You visited 1 branch of the dungeon, and saw 5 of its levels.

You collected 205 gold pieces.

Inventory:

Comestibles
 a - 3 meat rations


   Skills:
 + Level 5.4 Fighting
 + Level 7.2 Dodging
 * Level 7.1 Unarmed Combat


You had 5 spell levels left.
You didn't know any spells.

Dungeon Overview and Level Annotations

Branches:
Dungeon (5/15)             Temple (0/1) D:5

Altars:
Dithmenos
Gozag
Kikubaaqudgha
Qazlal
Vehumet


Innate Abilities, Weirdness & Mutations

You cannot wear armour.
You are incapable of wielding weapons or throwing items.
You have sharp claws.
You have razor-sharp teeth.
You have supernaturally acute eyesight.
You are carnivorous and can eat meat at any time.
You cover ground quickly.
You are covered in thick fur (AC +2).
You have a slow metabolism.
Your sharp claws are effective at attacking unaware monsters.


Message History

You swing at nothing.
You feel sick.
Unknown command.
Unknown command.
Unknown command.
Unknown command.
ATTACKING (0,-1)
You swing at nothing.
Unknown command.
Unknown command.
Unknown command.
Unknown command.
ATTACKING (0,1)
You swing at nothing.
Unknown command.
Unknown command.
Unknown command.
Unknown command.
ATTACKING (0,1)
You swing at nothing.
You die...

#.#
#....#####
#.# #.>..#
## #.#
#########.
#.# #....
#.# #.###
#.#
######.###
#.#
#.).......
#.#
#.#....###
#h#
#...####
#.# #...##
#.# #..##
#.# #...#
#.# #..##
#.# #..
#.# ...


There were no monsters in sight!

Table legend:
 A = Turns spent in this place as a percentage of turns spent in the entire game.
 B = Non-inter-level travel turns spent in this place as a percentage of non-inter-level travel turns spent in the entire game.
 C = Inter-level travel turns spent in this place as a percentage of turns spent in this place.
 D = Turns resting spent in this place as a percentage of non-inter-level travel turns spent in this place.
 E = Turns spent auto-exploring this place as a percentage of non-inter-level travel turns spent in this place.
 F = Non-inter-level travel turns spent in this place divided by the number of levels of this place that you've seen.
                   A       B       C       D       E      F
               +-------+-------+-------+-------+-------+----------------------
         Total | 100.0 | 100.0 |   0.3 |   1.2 |   2.5 | 1545.6
       Dungeon | 100.0 | 100.0 |   0.3 |   1.2 |   2.5 | 1545.6
               +-------+-------+-------+-------+-------+----------------------

Table legend:
 A = Kills in this place as a percentage of kills in entire the game.
 B = Kills by you in this place as a percentage of kills by you in the entire game.
 C = Kills by friends in this place as a percentage of kills by friends in the entire game.
 D = Other kills in this place as a percentage of other kills in the entire game.
 E = Experience gained in this place as a percentage of experience gained in the entire game.
 F = Experience gained in this place divided by the number of levels of this place that you have seen.
                   A       B       C       D       E      F
               +-------+-------+-------+-------+-------+----------------------
         Total | 100.0 | 100.0 |  -nan |  -nan | 100.0 | 274.4
       Dungeon | 100.0 | 100.0 |  -nan |  -nan | 100.0 | 274.4
               +-------+-------+-------+-------+-------+----------------------

Vanquished Creatures
  The ghost of gw the Magician, an amateur DEVM (D:4)
  Sigmund (D:4)
  Edmund (D:4)
  A phantom (D:4)
  A scorpion (D:4)
  An orc priest (D:4)
  2 orc wizards
  A hound (D:3)
  A giant frog skeleton (D:5)
  2 worker ants
  Robin (D:3)
  6 adders
  A gnoll (D:1)
  An adder zombie (D:4)
  4 worms
  3 giant geckos
  16 orcs
  3 ball pythons
  10 bats
  3 giant cockroaches
  15 goblins
  10 hobgoblins
  A quokka (D:2)
  A giant gecko skeleton (D:4)
  3 giant newts
  7 kobolds (D:1)
  10 rats
107 creatures vanquished.

Notes
Turn   | Place    | Note
--------------------------------------------------------------
     0 | D:1      | gw the Felid Berserker began the quest for the Orb.
     0 | D:1      | Reached XP level 1. HP: 10/10 MP: 2/2
   428 | D:1      | Reached XP level 2. HP: 14/14 MP: 3/3
  1093 | D:1      | Reached ** piety under Trog
  1123 | D:1      | Reached XP level 3. HP: 11/17 MP: 4/4
  1585 | D:1      | Found a radiant altar of Vehumet.
  2266 | D:2      | Found a stormy altar of Qazlal.
  2269 | D:2      | Found an ancient bone altar of Kikubaaqudgha.
  2272 | D:2      | Found an opulent altar of Gozag.
  2389 | D:2      | Found a shadowy altar of Dithmenos.
  2395 | D:2      | Reached XP level 4. HP: 21/21 MP: 5/5
  2952 | D:3      | Reached *** piety under Trog
  3101 | D:3      | Noticed Robin
  3143 | D:3      | Killed Robin
  3147 | D:3      | Reached skill level 5 in Dodging
  3325 | D:3      | Reached XP level 5. HP: 20/25 MP: 6/6
  4037 | D:4      | Noticed Edmund
  4045 | D:4      | Killed Edmund
  4045 | D:4      | Reached skill level 5 in Unarmed Combat
  4045 | D:4      | Gained mutation: You are covered in thick fur (AC +2). [Felid growth]
  4045 | D:4      | Reached XP level 6. HP: 28/28 MP: 7/7
  4649 | D:4      | Noticed a phantom
  4692 | D:4      | Killed a phantom
  4692 | D:4      | Reached skill level 6 in Dodging
  5287 | D:4      | Noticed Sigmund
  5293 | D:4      | Killed Sigmund
  5293 | D:4      | Reached XP level 7. HP: 33/33 MP: 8/8
  5532 | D:4      | Noticed gw's ghost (amateur DEVM)
  5564 | D:4      | Slain by gw's ghost
  5565 | D:4      | Reached XP level 6. HP: 0/30 MP: 7/7
  5785 | D:4      | Killed gw's ghost
  5785 | D:4      | Reached skill level 5 in Fighting
  5785 | D:4      | Reached skill level 7 in Dodging
  5785 | D:4      | Reached XP level 7. HP: 33/33 MP: 8/8
  5908 | D:5      | Entered Level 5 of the Dungeon
  5960 | D:5      | Found a staircase to the Ecumenical Temple.
  6128 | D:5      | Slain by an ogre
  6129 | D:5      | Reached XP level 6. HP: -3/30 MP: 7/7
  6275 | D:5      | HP: 1/30 [poisoned by a worker ant]
  6278 | D:5      | Succumbed to a worker ant's poison

Action                   |  1- 3 |  4- 6 |  7- 9 || total
-------------------------+-------+-------+-------++-------
Melee: Unarmed           |    95 |   187 |    37 ||   319
Invok: Berserk           |     2 |     6 |     1 ||     9
       Trog's Hand       |       |     2 |       ||     2
 Stab: Distracted        |       |       |     1 ||     1
  Eat: Chunk             |    13 |     5 |     4 ||    22

Vault maps used:
D:1:      tarquinn_simple_flora_water_a, kennysheep_flooded_box,
          minmay_distorted
D:2:      grunt_temple_overflow_diamond, grunt_dithmenos_smoke_and_mirrors
D:3:      minivault_25, uniq_robin
D:4:      uniq_edmund, uniq_sigmund
D:5:      grunt_temple_overflow_open, minmay_temple_entry_overgrown, first_bread
